 Dungeon Crawl Stone Soup version 0.30-a0-292-g0f741e3f8e (webtiles) character file.

Game seed: 15928406816737772908

1108 Flugkiller the Cutter (level 8, -13/62 HPs)
             Began as a Demonspawn Gladiator on Oct 17, 2022.
             Mangled by Crazy Yiuf
             ... wielding a +3 quarterstaff of chaos
              (23 damage)
             ... while paralysed by Crazy Yiuf
             ... on level 5 of the Dungeon.
             The game lasted 00:05:10 (3867 turns).

Flugkiller the Cutter (Demonspawn Gladiator)        Turns: 3867, Time: 00:05:10

Health: -13/62     AC:  5    Str: 15    XL:     8   Next: 11%
Magic:  0/0        EV:  2    Int:  9    God:
Gold:   307        SH:  0    Dex: 26    Spells: 7/7 levels left

rFire   . . .      SeeInvis +    y - +11 dagger "Hekh" {flame, rElec rPois MP-9 Dex+9}
rCold   . . .      Faith    .    (no shield)
rNeg    . . .      Spirit   .    b - +0 leather armour
rPois   +          Reflect  .    (helmet restricted)
rElec   +          Harm     .    j - +0 cloak
rCorr   .          Rampage  .    c - +0 pair of gloves
Will    .....                    (no boots)
Stlth   ++........               (no amulet)
HPRegen 0.30/turn                i - ring of see invisible
MPRegen 0.07/turn                o - ring of poison resistance

@: paralysed
A: hooves 1, horns 1, demonic guardian 1, demonic touch 1
a: no special abilities


You were on level 5 of the Dungeon.
You visited 1 branch of the dungeon, and saw 5 of its levels.
You also visited: Sewer.

You collected 307 gold pieces.

Inventory:

Hand Weapons
 a - a +0 rapier
 p - a +2 dagger of venom
   (You took it off an orc on level 3 of the Dungeon)
 y - the +11 dagger "Hekh" (weapon) {flame, rElec rPois MP-9 Dex+9}
   (You found it on level 4 of the Dungeon)

   It burns those it strikes, dealing additional fire damage.
   Dex:       It affects your dexterity (+9).
   rElec:     It insulates you from electricity.
   rPois:     It protects you from poison.
   MP:        It affects your magic capacity (-9).
 B - a +0 dagger of speed
   (You took it off Ijyb on level 4 of the Dungeon)
Missiles
 e - 6 javelins
 z - 3 throwing nets (quivered)
Armour
 b - a +0 leather armour (worn)
 c - a +0 pair of gloves (worn)
   (You found it on level 2 of the Dungeon)
 j - a +0 cloak (worn)
   (You found it on level 1 of the Dungeon)
Jewellery
 g - a ring of ice
   (You found it on level 1 of the Dungeon)
 i - a ring of see invisible (left hand)
   (You found it on level 3 of the Dungeon)
 k - a ring of positive energy
   (You found it on level 5 of the Dungeon)
 o - a ring of poison resistance (right hand)
   (You found it in a sewer)
 A - an amulet of magic regeneration
   (You found it in a sewer)
Wands
 n - a wand of paralysis (12)
   (You found it on level 3 of the Dungeon)
 q - a wand of roots (18)
   (You found it on level 3 of the Dungeon)
Scrolls
 h - a scroll of magic mapping
 m - a scroll of butterflies {unknown}
 t - 3 scrolls of teleportation
 u - a scroll of immolation
 v - a scroll of fear {unknown}
 C - a scroll of poison {unknown}
 D - a scroll of amnesia {unknown}
 E - a scroll of blinking {unknown}
 F - a scroll of vulnerability {unknown}
Potions
 d - 3 potions of might
 f - 5 potions of flight
 l - a potion of ambrosia {unknown}
 s - a potion of cancellation {unknown}
 w - a potion of lignification {unknown}
 x - a potion of attraction {unknown}


   Skills:
 - Level 5.0 Fighting
 + Level 6.9 Short Blades
 - Level 1.7 Throwing
 + Level 5.0 Dodging


You had 7 spell levels left.
You didn't know any spells.
Your spell library contained the following spells:

 Spells                   Type           Power      Damage    Failure   Level
 Gell's Gravitas          Tloc           0%         N/A       83%         3
 Portal Projectile        Hex/Tloc       0%         N/A       83%         3
 Teleport Other           Tloc           0%         N/A       83%         3
 Tukima's Dance           Hex            0%         N/A       83%         3
 Blade Hands              Tmut           0%         N/A       100%        5
 Dispersal                Tloc           0%         N/A       100%        6


Dungeon Overview and Level Annotations

Branches:
Dungeon (5/15) Zot: 26318   Sewer (visited)
 Temple: D:4-7

Altars:

Annotations:
D:5 Crazy Yiuf


Innate Abilities, Weirdness & Mutations

You have large cloven feet.
You have a pair of small horns on your head.
A weak demonic guardian rushes to your aid.
Your touch may inflict minor irresistible damage on your foes.


Message History

You open the door.
There is an open door here.
An orc comes into view. It is wielding a +0 club.
An orc is nearby!
An orc is nearby!
An orc is nearby!
An orc priest comes into view. It is wielding a +0 club.
The orc priest shouts!
The orc shouts!
An orc comes into view. It is wielding a +0 hand axe.
An orc wizard comes into view. It is wielding a +0 dagger.
The orc shouts!
An orc comes into view.
It is wielding a +0 flail and wearing a +2 chain mail of cold resistance.
The orc priest invokes the aid of Beogh against you.
Beogh smites you!
The orc wizard shouts!
The orc shouts!
You puncture the orc! You burn the orc.
You kill the orc!
The orc hits you with a +0 hand axe. The orc priest hits you with a +0 club.
Things that are here:
a +0 club; an orc corpse You hit the orc priest.
You burn the orc priest. You headbutt the orc priest!
The orc priest is severely wounded.
You hit the orc priest. You burn the orc priest.
You kill the orc priest!
The orc wizard hits you with a +0 dagger.
The orc completely misses you.
You puncture the orc wizard! You burn the orc wizard.
You headbutt the orc wizard.
You kill the orc wizard!
The orc misses you.
You barely miss the orc. You kick the orc, but do no damage.
You touch the orc.
The orc is severely wounded.
You puncture the orc! You burn the orc.
You kill the orc!
The orc closely misses you.
You puncture the orc! You burn the orc.
You kill the orc!
No target in view!
No target in view!
No target in view!
No target in view!
No target in view!
You see here a +0 hand axe.
Items here: )) [[.
You open the door.
There is an open door here.
You open the door.
An iguana comes into view.
An iguana is nearby!
An iguana is nearby!
An iguana is nearby!
The iguana hisses angrily.
The iguana bites you!
There is an open door here.
You puncture the iguana! You burn the iguana.
You touch the iguana.
You kill the iguana!
Your Dodging skill increases to level 5!
You start resting.
HP restored.
You don't know any spells.
Unknown command.
Unknown command.
There is an open door here.
There is an open door here.
Crazy Yiuf shouts!
Could not explore, unopened runed door.
Could not explore, unopened runed door.
No reachable target in view!
Press: ? - help, v - describe, . - travel The floor.
You open the door.
Crazy Yiuf zaps a wand.
The roots erupt in riotous growth!
The grasping roots grab you! The grasping roots constrict you.
You escape the roots grasp.
Crazy Yiuf screams, "Action!
Prologue tea cower."
Crazy Yiuf completely misses you.
There is an open translucent door here.
You puncture Crazy Yiuf! You burn Crazy Yiuf. Your headbutt misses Crazy Yiuf.
Crazy Yiuf is severely wounded.
Crazy Yiuf zaps a wand.
The roots erupt in riotous growth!
The grasping roots grab you!
Crazy Yiuf is unaffected.
The grasping roots constrict you.
You barely miss Crazy Yiuf.
Crazy Yiuf is severely wounded.
You hit Crazy Yiuf. You burn Crazy Yiuf. You kick Crazy Yiuf, but do no damage.
You headbutt Crazy Yiuf, but do no damage.
Crazy Yiuf is almost dead.
Crazy Yiuf hits you with a +3 quarterstaff of chaos!
You suddenly lose the ability to move!
The grasping roots constrict you. Crazy Yiuf completely misses you.
The grasping roots constrict you.
Crazy Yiuf hits you with a +3 quarterstaff of chaos.
Crazy Yiuf freezes you. The grasping roots constrict you.
The grasping roots release their grip on you.
Crazy Yiuf hits you with a +3 quarterstaff of chaos.
* * * LOW HITPOINT WARNING * * *
Crazy Yiuf hits you with a +3 quarterstaff of chaos!
* * * LOW HITPOINT WARNING * * *
A demonic guardian appears!
Space warps horribly around you!!
You die...

+#.........#
#....#
...........#
♣....♣
.........###
♣...♣♣
.........#
♣♣.♣♣
.........#
♣.♣♣
.#.......#
♣♣.♣
##.......###
♣.♣♣
...........#
♣♣.♣
####.#####.#
*#@#* #.#
#.# #5g.#
#.# #.#
#...# #.#
#.# #..)#
#.#####.#
#####
#.......#
#########


You could see Crazy Yiuf (ally target) and a friendly shadow imp (summoned).

Vanquished Creatures
  An ice beast (D:5)
  An ogre (D:5)
  A phantom (D:5)
  A centaur (D:4)
  A necrophage (D:4)
  2 scorpions
  A jelly (D:5)
  An orc priest (D:5)
  3 hounds
  4 iguanas
  An orc wizard (D:5)
  A merfolk siren (Sewer)
  Ijyb (D:4)
  A merfolk avatar (Sewer)
  4 gnolls
  3 adders
  2 river rats
  A shadow imp (D:5)
  A white imp (D:5)
  2 worms (D:3)
  2 dart slugs
  9 orcs
  13 ball pythons
  3 bats
  8 endoplasms
  7 giant cockroaches
  6 hobgoblins
  10 jackals
  11 quokkas
  7 frilled lizards
  7 goblins
  3 kobolds
  31 rats
150 creatures vanquished.

Vanquished Creatures (collateral kills)
  A gnoll (D:2)
  A jackal (D:2)
  A frilled lizard (Sewer)
  A rat (D:1)
4 creatures vanquished.

Grand Total: 154 creatures vanquished

Notes
Turn   | Place    | Note
-------+----------+-------------------------------------------
     0 | D:1      | Flugkiller the Demonspawn Gladiator began the quest for the
                  | Orb.
     0 | D:1      | Reached XP level 1. HP: 16/16 MP: 1/1
    11 | D:1      | Noticed a minotaur skeleton
    77 | D:1      | Reached skill level 3 in Short Blades
    95 | D:1      | Gained mutation: A weak demonic guardian rushes to your
                  | aid. [demonic ancestry]
    95 | D:1      | Reached XP level 2. HP: 4/22 MP: 2/2
   549 | D:2      | Discovered your monstrous ancestry.
   549 | D:2      | Gained mutation: You have a pair of small horns on your
                  | head. [demonic ancestry]
   549 | D:2      | Reached XP level 3. HP: 20/27 MP: 3/3
   680 | D:2      | Reached skill level 4 in Short Blades
   840 | D:2      | Reached XP level 4. HP: 18/35 MP: 4/4
  1590 | D:3      | Reached XP level 5. HP: 42/42 MP: 5/5
  2129 | D:4      | Identified the +11 dagger "Hekh" {flame, rElec rPois MP-9
                  | Dex+9}
  2138 | D:4      | Found a glowing drain.
  2142 | Sewer    | Entered a sewer
  2327 | Sewer    | Reached XP level 6. HP: 42/48 MP: 0/6
  2586 | D:4      | Noticed Ijyb
  2591 | D:4      | Killed Ijyb
  2686 | D:4      | Reached skill level 5 in Short Blades
  3025 | D:4      | Gained mutation: Your touch may inflict minor irresistible
                  | damage on your foes. [demonic ancestry]
  3025 | D:4      | Reached XP level 7. HP: 54/54 MP: 0/7
  3073 | D:4      | Reached skill level 6 in Short Blades
  3173 | D:5      | Entered Level 5 of the Dungeon
  3326 | D:5      | Reached skill level 5 in Fighting
  3459 | D:5      | Found a runed translucent door.
  3460 | D:5      | Noticed Crazy Yiuf
  3680 | D:5      | Gained mutation: You have large cloven feet. [demonic
                  | ancestry]
  3680 | D:5      | Reached XP level 8. HP: 62/62 MP: 0/8
  3734 | D:5      | Reached skill level 5 in Dodging
  3863 | D:5      | Paralysed by Crazy Yiuf for 4 turns
  3867 | D:5      | Mangled by Crazy Yiuf

Illustrated notes

Levels and vault maps discovered:
D:1:      shiori_arrival_whats_in_store_for_you, layout_rooms
D:2:      layout_rooms, hangedman_decor_points
D:3:      kennysheep_six_static_rooms, layout_loops_ring
D:4:      layout_basic, gup_sewer_entry_spiral, uniq_ijyb
D:5:      layout_basic, zin_statuary, uniq_crazy_yiuf_cottage

Skill      XL: |  1  2  3  4  5  6  7  8 |
---------------+-------------------------+-----
Short Blades   | 3 4 5 6 |  6.9
Fighting       | 3 4 5 |  5.0
Dodging        | 3 4 5 |  5.0
Throwing       | |  1.7

Action                   |  1- 3 |  4- 6 |  7- 9 || total
-------------------------+-------+-------+-------++-------
Melee: Rapier            |    85 |    75 |       ||   160
       Headbutt          |     6 |    47 |     9 ||    62
       Dagger            |       |   143 |    47 ||   190
       Punch             |       |     2 |     1 ||     3
       Touch             |       |       |     9 ||     9
       Kick              |       |       |     2 ||     2
  Use: Scroll            |       |       |     4 ||     4
 Stab: Sleeping          |       |     3 |     1 ||     4
       Distracted        |       |     1 |       ||     1
Armor: Leather armour    |    24 |    46 |       ||    70
Dodge: Dodged            |    46 |   124 |    23 ||   193

Table legend: (Time is in decaauts)
 A = Elapsed time spent in this place.
 B = Non-inter-level travel time spent in this place.
 C = Inter-level travel time spent in this place.
 D = Time resting spent in this place.
 E = Time spent auto-exploring this place.
 F = Levels seen in this place.
 G = Mean time per level.
                   A        B        C        D        E       F      G
               +--------+--------+--------+--------+--------+-----+--------+
         Total |   3905 |   3686 |    219 |    446 |   2242 |   6 |  650.8 |
       Dungeon |   3531 |   3312 |    219 |    446 |   2068 |   5 |  706.2 |
         Sewer |    374 |    374 |      0 |      0 |    174 |   1 |  374.0 |
               +--------+--------+--------+--------+--------+-----+--------+

Top non-repeatable levels by time:
     D:3: 869 daAuts
     D:4: 836 daAuts
     D:5: 680 daAuts
     D:2: 593 daAuts
     D:1: 552 daAuts
   Sewer: 374 daAuts
